Cogmind - Beta 14 @@@ ROGUE MODE // 2024.10.22 @ 23:02:01 Player: WazdakkaGutsmek Result: Destroyed by C-17 Slicer with Blade Saw Performance ------------- Evolutions (2) 1000 Regions Visited (5) 1000 Robots Destroyed (88) 440 Value Destroyed (4330) 4330 Prototype IDs (2) 40 Alien Tech Used (0) 0 Bonus (611) 611 TOTAL SCORE: 7421 Bonus ------- High Alert Combat Kills 612 Follower Combat Kills 138 Entered Garrisons 200 Friendly Fire -339 Cogmind --------- Core Integrity 0/550 Matter 128/300 Energy 44/100 System Corruption 1% Temperature Cool (0) Movement Core (50) Location -8/Garrison Parts ------- > --- POWER (1) -------- (None) > --- PROPULSION (3) --- (None) > --- UTILITY (4) ------ (None) > --- WEAPON (3) ------- (None) > --- INVENTORY (5) ---- Light Deuterium Engine Compact Wheel Improved Sensor Array Relay Coupler [Grunt] (28) Relay Coupler [Sentry] (17) Peak State ------------ > --- POWER ------------ Light Nuclear Core > --- PROPULSION ------- Light Treads Light Treads > --- UTILITY ---------- Improved Heat Sink Large Storage Unit Improved Utility Shielding Improved Light Armor Plating > --- WEAPON ----------- Heavy EM Shotgun Heavy EM Shotgun High-powered Shotgun > --- INVENTORY -------- Light Deuterium Engine Wheel Compact Wheel Heat Sink Improved Heat Sink Improved Sensor Array Hardlight Generator Relay Coupler [Grunt] Relay Coupler [Duelist] Relay Coupler [Sentry] Heavy EM Shotgun Heavy EM Shotgun Heavy EM Shotgun Grenade Launcher Mini Grenade Launcher [Rating: 30] Favorites ----------- Power Light Ion Engine Engine Light Ion Engine Power Core Light Nuclear Core Propulsion Light Treads Treads Light Treads Leg Aluminum Leg Flight Unit Flight Unit Utility Large Storage Unit Device Improved Heat Sink Storage Large Storage Unit Protection Improved Light Armor Plating Weapon Heavy EM Shotgun Energy Gun Heavy EM Shotgun Energy Cannon Particle Cannon Ballistic Gun High-powered Shotgun Ballistic Cannon Improved Light Cannon Launcher Mini Grenade Launcher Build | -11 -10 -10 -9 -8 -8 ------- Run | Yrd Mat Min Mat Mat Gar Slots Evolved 4 | . . . 2 2 . Power . | . . . . . . Propulsion 1 | . . . 1 . . Utility 2 | . . . . 2 . Weapon 1 | . . . 1 . . Parts Attached 62 | . . . 11 27 24 Power 8 | . . . . 5 3 Engine 5 | . . . . 4 1 Core 3 | . . . . 1 2 Reactor . | . . . . . . Propulsion 14 | . . . 2 4 8 Treads 10 | . . . 2 4 4 Leg 1 | . . . . . 1 Wheel . | . . . . . . Hover . | . . . . . . Flight 3 | . . . . . 3 Utility 14 | . . . 2 9 3 Device 3 | . . . . 3 . Storage 1 | . . . 1 . . Processor . | . . . . . . Hackware . | . . . . . . Protection 10 | . . . 1 6 3 Artifact . | . . . . . . Weapon 26 | . . . 7 9 10 Energy Gun 8 | . . . 1 2 5 Energy Cannon 8 | . . . 4 4 . Ballistic Gun 3 | . . . 1 1 1 Ballistic Cannon 1 | . . . . 1 . Launcher 6 | . . . 1 1 4 Special Weapon . | . . . . . . Impact Weapon . | . . . . . . Slashing Weapon . | . . . . . . Piercing Weapon . | . . . . . . Special Melee Weapon . | . . . . . . Unidentified Prototypes 2 | . . . 1 1 . Parts Lost 24 | . . . 4 2 18 Power 1 | . . . . . 1 Propulsion 7 | . . . 1 2 4 Utility 5 | . . . 1 . 4 Weapon 11 | . . . 2 . 9 Highest Loss Streak 9 | . . . 1 1 9 To Critical Strikes . | . . . . . . Average Slot Usage (%) 78 | . 85 85 80 91 69 Engine 6 | . 14 14 11 7 2 Core 2 | . . . . 1 5 Treads 12 | . . . 3 23 13 Leg 6 | . 28 28 18 . . Device 4 | . . . . 6 7 Storage 9 | . 14 14 11 9 9 Protection 10 | . . . 5 17 11 Energy Gun 7 | . . . 4 3 12 Energy Cannon 7 | . . . 15 14 1 Ballistic Gun 7 | . 28 28 9 . 5 Ballistic Cannon 1 | . . . . 6 . Peak Build Rating 30 | 6 6 6 12 29 30 Average Rating 18 | 6 6 6 9 21 22 On Entrance 10 | 6 6 6 6 8 28 Naked Turns . | . . . . . . Heaviest Build 60 | 11 11 11 35 60 60 Greatest Support 60 | 20 20 20 40 60 40 Greatest Overweight (x) 6 | . . . 3 1 6 Average Overweight (x) . | . . . . . 1 Largest Inventory Capacity 15 | 8 8 8 15 15 15 Average Capacity 13 | 8 8 8 10 15 14 Most Carried 15 | 6 7 7 8 15 15 Average Carried 10 | 6 6 7 7 10 13 Final Capacity 15 | 8 8 8 15 15 5 Final Carried 15 | 6 7 7 6 15 5 Class Distribution -------------------- 38% | Scavenger-Tank 26% | Mutant 20% | Tank 8% | Gunner 5% | Scavenger-Mutant Dominant Class ---------------- Mutant | -10/Materials Mutant | -10/Mines Tank | -9/Materials Scavenger-Tank | -8/Materials Scavenger-Tank | -8/Garrison Resources | -11 -10 -10 -9 -8 -8 ----------- Run | Yrd Mat Min Mat Mat Gar Matter Collected 1428 | 200 56 . 217 524 431 Remotely . | . . . . . . Salvage Created 3065 | . 85 . 784 936 1260 Parts 186 | . 5 . 47 48 86 Haulers Intercepted 3 | . . . 2 1 . Recyclers Shooed 2 | . . . 2 . . Parts Field Recycled . | . . . . . . Retrieved Matter . | . . . . . . Parts Self-Destructed . | . . . . . . Prevented . | . . . . . . Kills | -11 -10 -10 -9 -8 -8 ------- Run | Yrd Mat Min Mat Mat Gar Combat Hostiles Destroyed 72 | . 2 . 14 23 33 Guns 29 | . 2 . 1 6 20 Cannons 23 | . . . 9 13 1 AOE 18 | . . . 4 4 10 Classes Destroyed 12 | . 1 . 8 . 3 Worker 4 | . . . 4 . . Builder 3 | . . . 2 1 . Hauler 3 | . . . 2 1 . Operator 2 | . . . 2 . . Watcher 2 | . . . 1 1 . Swarmer 18 | . . . 2 7 9 Cutter 1 | . . . . . 1 Grunt 35 | . 2 . 12 8 13 Brawler 1 | . . . . . 1 Duelist 4 | . . . 1 2 1 Sentry 12 | . . . 1 6 5 Programmer 3 | . . . . . 3 Best Kill Streak 7 | . 1 . 6 5 7 Combat Bots Only 7 | . 1 . 4 5 7 Max Kills in Single Turn 4 | . 1 . 4 3 3 Gunslinging 1 | . . . . . 1 Exploded 3 | . . . 2 2 3 Melee . | . . . . . . Uniques/NPCs Destroyed . | . . . . . . Combat | -11 -10 -10 -9 -8 -8 -------- Run | Yrd Mat Min Mat Mat Gar Hostile Shots Fired 361 | . 24 . 49 121 167 Missed 103 | . 7 . 11 36 49 Damage Taken 4585 | . 233 . 699 1178 2475 Core 716 | . 60 . 102 32 522 Absorbed by Shields . | . . . . . . Redirected to Shielding 26 | . . . . . 26 Ignored by Resistances 47 | . . . . 47 . Core Remaining (%) 83 | 100 . 76 74 . . Volleys Fired 204 | . 14 1 30 61 98 Largest 3 | . 2 2 3 3 3 Hottest 204 | . 40 40 204 175 163 Shots Fired 473 | . 28 2 78 144 221 Gun 252 | . 28 2 12 22 188 Cannon 197 | . . . 60 120 17 Launcher 24 | . . . 6 2 16 Special . | . . . . . . Kinetic 147 | . 28 2 8 56 53 Thermal 119 | . . . 64 49 6 Explosive 24 | . . . 6 2 16 Electromagnetic 183 | . . . . 37 146 Robot Hit Streak 11 | . 5 . 8 11 9 Robot Miss Streak 5 | . 2 . 3 5 4 Penetration Max . | . . . . . . Secondary Targets 4 | . . . . . 4 Max Gunslinging Chain 1 | . . . . . 1 Shots Hit Robots 254 | . 18 . 36 79 121 Core Hits 155 | . 6 . 31 42 76 Critical Kills . | . . . . . . Critical Parts Destroyed . | . . . . . . Critical Strikes 2 | . . . 1 1 . Burn 1 | . . . 1 . . Corrupt 1 | . . . . 1 . Melee Attacks . | . . . . . . Impact . | . . . . . . Slashing . | . . . . . . Piercing . | . . . . . . Sneak Attacks . | . . . . . . Combat Hostiles . | . . . . . . Follow-up Attacks . | . . . . . . Damage Inflicted 6809 | . 181 6 1490 2173 2959 Guns 2443 | . 181 . 84 443 1735 Cannons 2277 | . . . 781 1392 104 Explosions 2083 | . . . 625 338 1120 Melee . | . . . . . . Ramming 6 | . . 6 . . . Kinetic 1215 | . 181 . 25 577 432 Thermal 1780 | . . . 920 592 268 Explosive 1778 | . . . 545 338 895 Electromagnetic 2030 | . . . . 666 1364 Impact . | . . . . . . Slashing . | . . . . . . Piercing . | . . . . . . Highest Corruption 1 | . . . . . 1 Average Corruption 1 | . . . . . 1 Corruption Purged . | . . . . . . Corruption Blocked . | . . . . . . Effects 8 | . . . . . 8 Message Errors 4 | . . . . . 4 Matter Fused 1 | . . . . . 1 Heat Flow Errors 1 | . . . . . 1 Data Loss (minor) 1 | . . . . . 1 Data Loss (major) 1 | . . . . . 1 Overload Shots . | . . . . . . Overflow Damage 67 | . . . . 24 43 Projectiles 24 | . . . . 24 . Explosions 43 | . . . . . 43 Melee . | . . . . . . Knockbacks 3 | . . . . 3 . Impact . | . . . . . . Kinetic 3 | . . . . 3 . Secondary . | . . . . . . Self-Inflicted Damage 578 | . . . 257 . 321 Shots 12 | . . . 3 . 9 Rammed . | . . . . . . Targets Rammed 1 | . . 1 . . . Kicked 1 | . . 1 . . . Crushed . | . . . . . . Highest Temperature 577 | . 36 . 434 458 577 Average Temperature 114 | . 12 . 121 144 88 Received Heat Transfer 1866 | . 159 . 216 432 1059 Effects 14 | . . . 4 6 4 Shutdowns 3 | . . . 1 1 1 Energy Bleed 2 | . . . 1 1 . Interference 5 | . . . . 4 1 Matter Decay 2 | . . . 1 . 1 Short Circuit 1 | . . . 1 . . Damage (core) 1 | . . . . . 1 Siege Activations . | . . . . . . Robots Corrupted 2 | . . . . . 2 Combat Hostiles 2 | . . . . . 2 Parts Fried 6 | . . . . 2 4 Impact Corruptions . | . . . . . . Robots Melted . | . . . . . . Combat Hostiles . | . . . . . . Parts Melted 3 | . . . 2 1 . Heat Transferred 3062 | . . . 1678 1073 311 Parts Sabotaged . | . . . . . . Parts Stolen . | . . . . . . Parts Stripped . | . . . . . . Power Chain Reactions 5 | . . . . . 5 Alert | -11 -10 -10 -9 -8 -8 ------- Run | Yrd Mat Min Mat Mat Gar Peak Influence 1933 | . 50 97 382 562 1933 Initial 224 | . . 19 . 161 224 Average 601 | . 12 54 101 334 1069 Maximum Alert Level 5 | . . . 1 2 5 Low Security (%) 29 | 100 100 100 84 13 . Level 1 26 | . . . 15 68 13 Level 2 13 | . . . . 18 19 Level 3 8 | . . . . . 18 Level 4 10 | . . . . . 21 Level 5 12 | . . . . . 26 High Security . | . . . . . . Max Security . | . . . . . . Squads Dispatched 4 | . . . 3 1 . Investigation . | . . . . . . Extermination . | . . . . . . Reinforcement 4 | . . . 3 1 . Assault . | . . . . . . Garrison . | . . . . . . Intercept . | . . . . . . Searches Triggered . | . . . . . . Construction Impeded 2 | . . . 1 1 . Haulers Reinforced . | . . . . . . Active Scanning Responses . | . . . . . . Cargo Convoy Interrupts . | . . . . . . Stealth | -11 -10 -10 -9 -8 -8 --------- Run | Yrd Mat Min Mat Mat Gar Distress Signals 4 | . . . 1 3 . Communications Jammed . | . . . . . . Distress Signals . | . . . . . . Times Spotted 90 | . 2 . 21 31 36 Peak Tracking Total 7 | . 2 . 4 6 7 Tactical Retreats 7 | . . . . 4 3 Traps | -11 -10 -10 -9 -8 -8 ------- Run | Yrd Mat Min Mat Mat Gar Traps Triggered 5 | . . . . . 5 Indirectly . | . . . . . . Trap Hack Attempts . | . . . . . . Triggered . | . . . . . . Disarmed . | . . . . . . Reprogrammed . | . . . . . . Reused . | . . . . . . Traps Extracted . | . . . . . . Installed . | . . . . . . Triggered . | . . . . . . Machines | -11 -10 -10 -9 -8 -8 ---------- Run | Yrd Mat Min Mat Mat Gar Machines Disabled 16 | . . . 5 2 9 Max in Single Turn 2 | . . . 2 2 2 Garrison Relay 7 | . . . . . 7 Phase Generator 1 | . . . . . 1 Machines Repaired . | . . . . . . Machines Dismantled . | . . . . . . Machines Sabotaged . | . . . . . . Overloaded Fab Kills . | . . . . . . Hacking | -11 -10 -10 -9 -8 -8 --------- Run | Yrd Mat Min Mat Mat Gar Machines Accessed 10 | . . . 1 7 2 Terminals 9 | . . . 1 6 2 Fabricators . | . . . . . . Repair Stations . | . . . . . . Recycling Units . | . . . . . . Scanalyzers . | . . . . . . Garrison Access 1 | . . . . 1 . Total Hacks 27 | . . . 5 19 3 Successful 10 | . . . 1 9 . Failed 17 | . . . 4 10 3 Catastrophic 3 | . . . . 2 1 Database Lockouts . | . . . . . . Manual 18 | . . . 5 13 . Terminals 25 | . . . 5 17 3 Fabricators . | . . . . . . Repair Stations . | . . . . . . Recycling Units . | . . . . . . Scanalyzers . | . . . . . . Garrison Access 2 | . . . . 2 . Terminal Hacks 3 | . . . . 3 . Unreport Threat 1 | . . . . 1 . Hauler Manifests 1 | . . . . 1 . Zone Layout 1 | . . . . 1 . Fabricator Hacks . | . . . . . . Repair Station Hacks . | . . . . . . Recycling Unit Hacks . | . . . . . . Scanalyzer . | . . . . . . Garrison Access Hacks 1 | . . . . 1 . Unlock Access 1 | . . . . 1 . Unauthorized Hacks 6 | . . . 1 5 . Terminals 6 | . . . 1 5 . Botnet 2 | . . . . 2 . Skim 4 | . . . 1 3 . Fabricators . | . . . . . . Repair Stations . | . . . . . . Recycling Units . | . . . . . . Scanalyzers . | . . . . . . Garrison Access . | . . . . . . Data Cores Recovered . | . . . . . . Used . | . . . . . . Hacking Detections 9 | . . . 1 6 2 Full Trace Events . | . . . . . . Feedback Events . | . . . . . . Feedback Blocked . | . . . . . . Robot Schematics Acquired . | . . . . . . Robots Built . | . . . . . . Authchips . | . . . . . . Time . | . . . . . . Total Robot Build Rating . | . . . . . . Part Schematics Acquired . | . . . . . . Parts Built . | . . . . . . Authchips . | . . . . . . Time . | . . . . . . Total Part Build Rating . | . . . . . . Parts Repaired . | . . . . . . Time . | . . . . . . Parts Recycled . | . . . . . . Recycled Matter . | . . . . . . Retrieved Matter . | . . . . . . Retrieved Components . | . . . . . . Parts Scanalyzed . | . . . . . . Part Schematics Acquired . | . . . . . . Parts Damaged . | . . . . . . Bothacking | -11 -10 -10 -9 -8 -8 ------------ Run | Yrd Mat Min Mat Mat Gar Used RIF Installer . | . . . . . . Robots Hacked . | . . . . . . Non-combat . | . . . . . . Combat . | . . . . . . Robot Hacks Applied . | . . . . . . Relay Couplers Released 25 | . . . . . 25 Machine Destruction 25 | . . . . . 25 Fabnet Peak Effective % . | . . . . . . Robots Rewired . | . . . . . . Allies Hacked . | . . . . . . Hacks Repelled . | . . . . . . Allies | -11 -10 -10 -9 -8 -8 -------- Run | Yrd Mat Min Mat Mat Gar Total Allies 3 | . . 3 . . . Largest Group 3 | . . 3 3 . . Highest-Rated Group 40 | . . 40 40 . . Highest-Rated Ally 16 | . . 16 16 . . Total Orders . | . . . . . . Ally Attacks 61 | . . 34 27 . . Total Damage 539 | . . 250 289 . . Kills 8 | . . 3 5 . . Allies Corrupted . | . . . . . . Allies Melted . | . . . . . . Intel | -11 -10 -10 -9 -8 -8 ------- Run | Yrd Mat Min Mat Mat Gar Robot Analysis Total . | . . . . . . Derelict Logs Recovered . | . . . . . . Drone Launches . | . . . . . . Drone Recoveries . | . . . . . . Exploration | -11 -10 -10 -9 -8 -8 ------------- Run | Yrd Mat Min Mat Mat Gar Turns Passed 5266 | 11 120 429 970 1299 2437 Spaces Moved 2222 | 10 67 351 462 541 791 Core 83 | . . . . . 83 Treads 1267 | . . . 76 541 650 Legs 858 | 10 67 351 386 . 44 Wheels . | . . . . . . Hover . | . . . . . . Flight 14 | . . . . . 14 Fastest Speed 114 | 120 120 120 120 160 114 Average Speed 193 | 120 120 120 178 176 254 Slowest Speed 360 | 120 120 120 330 240 360 Overloaded Moves . | . . . . . . Propulsion Burnouts . | . . . . . . Robots Hopped . | . . . . . . Cave-ins Triggered . | . . . . . . Exploration Rate (%) 43 | 2 15 69 48 56 68 Regions Visited 5 Branch Regions 1 Pre-discovered Areas . | . . . . . . Known Exits Taken 1 | . . . . 1 . Unknown Exits Taken 4 | 1 1 1 1 . . Scrap Searched . | . . . . . . Spaces Dug . | . . . . . . Terrain Destroyed 276 | . . . 84 25 167 Melee . | . . . . . . Projectile 7 | . . . 1 6 . AOE 269 | . . . 83 19 167 Terrain Rammed . | . . . . . . Walls Destroyed . | . . . . . . Machines Disabled . | . . . . . . Actions | -11 -10 -10 -9 -8 -8 --------- Run | Yrd Mat Min Mat Mat Gar Total 2788 | 9 81 357 546 758 1037 Wait 250 | . . 5 34 111 100 Move 2218 | 9 66 350 461 541 791 Hop . | . . . . . . Pick Up 16 | . 1 . 3 8 4 Fast Attach 24 | . . . 7 8 9 Attach 16 | . . . 3 3 10 Detach 4 | . . . . 3 1 Swap 22 | . . . 1 16 5 Drop 25 | . . . 7 7 11 Fire 204 | . 14 1 30 61 98 Melee . | . . . . . . Ram . | . . . . . . Kick 1 | . . 1 . . . Crush . | . . . . . . Escape Stasis 8 | . . . . . 8 Rewire . | . . . . . . Trap . | . . . . . . Miscellaneous . | . . . . . . Route ------- -11/Scrapyard -10/Materials -10/Mines -9/Materials (discovered 2 exits: *Mat / [*Min]) -8/Materials (discovered 2 exits: [*Fac] / Gar) -8/Garrison (discovered 3 exits: [*Mat x3]) History --------- Turn | Location | Event 1 | -11/Scrapyard | Discovered new exit (range 3) 12 | -11/Scrapyard | Entered Materials 71 | -10/Materials | Discovered new exit (range 16) 132 | -10/Materials | Entered Mines 178 | -10/Mines | Met a Derelict bent on vengeance 264 | -10/Mines | Assisted by bots powering up and referring to "LRC-V3" 300 | -10/Mines | Assembled infested the area 305 | -10/Mines | Build established: Mutant 537 | -10/Mines | Discovered new exit (range 16) 561 | -10/Mines | Entered Materials 561 | -9/Materials | Accompanied by 3 allies 561 | -9/Materials | Evolved 2 slots: Propulsion x1, Weapon x1 955 | -9/Materials | Build established: Tank 1089 | -9/Materials | Discovered new exit (range 15) 1510 | -9/Materials | Discovered new exit (range 9) 1531 | -9/Materials | Entered another Materials area 1531 | -8/Materials | Evolved 2 slots: Utility x2 2187 | -8/Materials | Build established: Scavenger-Tank 2748 | -8/Materials | Discovered new exit (range 11) 2830 | -8/Materials | Identified exit to Garrison 2830 | -8/Materials | Entered Garrison 2834 | -8/Garrison | Triggered checkpoint 3308 | -8/Garrison | Triggered checkpoint 3374 | -8/Garrison | Garrison Relay disabled 3491 | -8/Garrison | Discovered new exit (range 10) 3570 | -8/Garrison | Triggered checkpoint 3626 | -8/Garrison | Triggered checkpoint 3633 | -8/Garrison | Garrison Relay disabled 3824 | -8/Garrison | Triggered checkpoint 3942 | -8/Garrison | Phase Generator disabled 3972 | -8/Garrison | Discovered new exit (range 13) 4079 | -8/Garrison | Triggered checkpoint 4154 | -8/Garrison | Destroyed 7 combat bots 4215 | -8/Garrison | Garrison Relay disabled 4215 | -8/Garrison | Garrison Relay disabled 4222 | -8/Garrison | Garrison Relay disabled 4228 | -8/Garrison | Garrison Relay disabled 4576 | -8/Garrison | Triggered checkpoint 4660 | -8/Garrison | Discovered new exit (range 10) 4774 | -8/Garrison | Spotted B-75 Beast 4806 | -8/Garrison | Core integrity fell below 50% 4838 | -8/Garrison | Core integrity fell below 20% 4868 | -8/Garrison | Lost 9 parts (1p2n2u4w) 5068 | -8/Garrison | Build established: Mutant 5267 | -8/Garrison | Destroyed by C-17 Slicer with Blade Saw Last Messages --------------- 04839_ The unstable cave ceiling collapses. 04841_ Acquired 1 matter. 04930_ ALERT: Garrison interior compromised. 05059_ System corrupted: Heat flow error (+169). 05080_ ALERT: Garrison interior compromised. 05121_ Acquired Flight Unit. 05128_ Acquired 23 matter. 05135_ Acquired Flight Unit. 05144_ Acquired 20 matter. 05147_ Dropped Flight Unit. 05149_ Acquired Aluminum Leg. 05177_ System corrupted: Matter fused (-6). 05230_ ALERT: Garrison interior compromised. 05234_ Dropped Aluminum Leg. 05241_ Acquired Lgt. Treads. 05246_ C-17 Slicer springs to life. 05252_ Acquired Beam Rifle. 05264_ Beam Rifle destroyed. 05266_ Dropped Lrg. Storage Unit. 05266_ Dropped Lgt. Treads. Map ----- +----------------------------------------------------+ | | | | | | | | | | | | | ?????????????????????????????????????????? | | ?????????????????????????????????????????? | | ?????????????????????????????????????????? | | ?????????????????????????????????????????? | | ?????????????????????????????????????????? | | ?????????????????????????????????????????? | | ?????????????????????????????????????????? | | ?????????????????????????????????######### | | ?????????????????????????????????# ! ! # | | ?????????????????????????????????# !# #! # | | ?????????????????????????????????#### #### | | ?????????????????????????????????#! # # !# | | ?????????????????????????????????#! !# | | ??????????#######????????????????#### #### | | ?????###### """"###?????????????????# #??? | | ?????# #[#?????????????????# ###? | | ????????#" #?????????########## #"#? | | ????#"" """" ############!!!!## ## !"#? | | ????#"" ! !!c== !! [ !#? | | ????#"" = =!@!#########!!! ### # #? | | ????#"" !! ===!#???????###### ###=#"#? | | ????#"" " "" ;%=###????????????## # ###? | | ?????## #" ! ![["??????????????### #[#### | | ?????# !!#"???????????????# = ## | | ?????######"" ""###??????????????# # ## # | | ??????????#######????????????????####!# ## | | ??????????????????????????????#####% ###? | | ??????????????????????????????# *[ #??? | | ??????????????????????????????#*### #??? | | ??????????????????????????????# #?### #??? | | ??????????????????#####???????# #???# #??? | | ??????????????????# #???????# #####[#### | | ??????????????????# < ######### =!!*=[ | | ??????????????????# %=######%## | | ??????????????????# /=#????###? | | ??????????????????######## ####!*#???????? | | ???????????????????#?????# #??#% #???????? | | ???????????????##### ##### ####!=#######?? | | ???????????????# +[== #?? | | ??????????????# ##### ##### #?? | | ?????????????# # #??# #???# #?? | | ?????????????# #??# #???# #?? | | ?????????????# #??# #???# #?? | | ?????????????# ### ##### ### | +----------------------------------------------------+ Best States ------------- Heat Dissipation 45 Energy Generation 14 Energy Capacity 265 Matter Stores 300 Matter Capacity 300 Sight Range 16 Terrain Scan Density 10 Armor Coverage 600 Resistance: KI 20 Utility Shielding 66 Evasion (%) 55 Recoil Reduction 3 Item Schematics ----------------- None Robot Schematics ------------------ None Fabricated ------------ Nothing Alien Tech Used ----------------- None Achievements -------------- None Challenges ------------ None Game ------ Seed SensorArmoredActivator Manual? 0 Play Time 00:48:56 Cumulative 76.3 hours Start 2024.10.22 @ 22:34:26 End 2024.10.22 @ 23:02:01 Sessions 1 Manual Loads 0 Difficulty Rogue Special Mode None Game No. 70 Rogue 52 Adventurer 16 Explorer 2 Win Type - Total 1 Types 1/0/0/0/0/0/0/0/0 Lore% 20 Gallery% 46 Achievement% 41 Wizard Run 0 Options --------- Layout 2 ASCII 0 Keyboard 0 Movement Mouse Keybinds 1 Fullscreen 2 Font 24/Terminus Map View 50x44 Zoom Use 0% Tactical HUD 1 Map Filters NONE Filters NONE Steam X RUN: fa6a45ad-871b-49e0-8b63-80e9228d04ec